 Dungeon Crawl Stone Soup version 0.27.1-4-g1640c2035a (webtiles) character file.

Game seed: 15086928943596581670

128 gohu the Chopper (level 4, -5/38 (40) HPs)
             Began as a Minotaur Fighter on Nov 14, 2021.
             Killed by divine providence
             ... invoked by an orc priest
              (16 damage)
             ... on level 3 of the Dungeon.
             The game lasted 00:05:06 (2812 turns).

gohu the Chopper (Minotaur Fighter)                 Turns: 2812, Time: 00:05:06

HP:   -5/38 (40)    AC: 12    Str: 21    XL:     4   Next: 87%
MP:   3/3           EV:  4    Int:  5    God:
Gold: 146           SH:  9    Dex: 10    Spells: 3/3 levels left

rFire    . . .     SeeInvis .   a - +0 war axe
rCold    . . .     Faith    .   c - +0 kite shield
rNeg     . . .     Spirit   .   e - +0 plate armour
rPois    .         Reflect  .   (helmet restricted)
rElec    .         Harm     .   (no cloak)
rCorr    .         Rampage  .   (no gloves)
Will     .....                  (no boots)
Stlth    ..........             (no amulet)
HPRegen  0.12/turn              (no ring)
MPRegen  0.08/turn              (no ring)

@: drained
A: horns 2, retaliatory headbutt
a: no special abilities


You were on level 3 of the Dungeon.
You visited 1 branch of the dungeon, and saw 4 of its levels.

You collected 146 gold pieces.

Inventory:

Hand Weapons
 a - a +0 war axe (weapon)
Armour
 b - a +0 scale mail
 c - a +0 kite shield (worn)
 e - a +0 plate armour (worn)
Jewellery
 g - an amulet of guardian spirit
Wands
 j - a wand of flame (10)
Scrolls
 h - a scroll of fear {unknown}
 k - 2 scrolls of teleportation {unknown}
 m - a scroll of torment {unknown}
 n - a scroll of noise {unknown}
Potions
 d - 2 potions of might
 f - a potion of lignification {unknown}
 i - a potion of cancellation {unknown}
 l - a potion of resistance {unknown}


   Skills:
 + Level 4.3 Fighting
 * Level 5.1 Axes
 + Level 4.4 Armour
 - Level 3.6 Shields


You had 3 spell levels left.
You didn't know any spells.
Your spell library was empty.

Dungeon Overview and Level Annotations

Branches:
Dungeon (4/15)
 Temple: D:4-7

Altars:

Annotations:
D:3 Sigmund


Innate Abilities, Weirdness & Mutations

You have a pair of horns on your head.
You reflexively headbutt those who attack you in melee.


Message History

The ball python bites you but does no damage.
The ball python constricts you.
You hit the ball python.
You kill the ball python!
No target in view!
No target in view!
A rat comes into view.
A rat is nearby!
No target in view!
No target in view!
No target in view!
You barely miss the rat. You block the rat's attack.
You barely miss the rat. The rat bites you.
The rat bites you but does no damage.
You hit the rat.
You kill the rat!
No target in view!
No target in view!
No target in view!
You now have 146 gold pieces (gained 18).
You see here a rat corpse.
Sigmund the Dreaded comes into view.
He is wielding a +0 scythe, wearing a +2 robe of willpower and carrying a wand of digging (2).
An orc priest comes into view. It is wielding a +0 dagger.
An orc priest comes into view. It is wielding a +0 hand axe.
The orc priest shouts!
The orc priest invokes the aid of Beogh against you.
Pain shoots through your body!
An orc comes into view. It is wielding a +0 falchion.
The orc shouts!
The orc priest calls down the wrath of Beogh upon you.
Pain shoots through your body!
* * * LOW HITPOINT WARNING * * *
The orc moves out of view.
The orc priest calls down the wrath of Beogh upon you.
Pain shoots through your body!
* * * LOW HITPOINT WARNING * * *
You block the orc priest's attack.
The orc priest mumbles some strange prayers to Beogh against you.
Beogh smites you!
You die...

..........#.....<.#..#
..........#...[......#
............#...#.#..#
.....................######
..........................#
..................###..##.#
.............oo##......##.#
..........#.....#.####.##.#
................@....>....#
................#.#########
...............##.#
...............##.#
..................#
..........##......#
..........##......#
..................#
...##.......#####.#


You could see 2 orc priests.

Vanquished Creatures
  Ijyb (D:3)
  2 adders (D:2)
  A white imp (D:3)
  A dart slug (D:1)
  5 orcs
  5 ball pythons
  5 bats
  8 endoplasms
  A giant cockroach (D:2)
  8 hobgoblins
  2 jackals (D:1)
  4 quokkas
  3 frilled lizards
  3 goblins
  9 kobolds
  9 rats
67 creatures vanquished.

Notes
Turn   | Place    | Note
-------+----------+-------------------------------------------
     0 | D:1      | gohu the Minotaur Fighter began the quest for the Orb.
     0 | D:1      | Reached XP level 1. HP: 19/19 MP: 0/0
   137 | D:1      | Reached XP level 2. HP: 27/27 MP: 1/1
   207 | D:1      | Reached skill level 3 in Axes
   545 | D:1      | Found a faded altar of an unknown god.
   943 | D:2      | Reached XP level 3. HP: 33/33 MP: 2/2
  1306 | D:3      | Noticed Ijyb
  1325 | D:3      | Killed Ijyb
  1326 | D:3      | Reached skill level 4 in Axes
  1500 | D:2      | Reached XP level 4. HP: 40/40 MP: 3/3
  2206 | D:3      | Reached skill level 5 in Axes
  2768 | D:3      | Noticed Sigmund
  2812 | D:3      | Killed from afar by an orc priest

Illustrated notes

Levels and vault maps discovered:
D:1:      onia_arrival_mini_spirals, layout_basic,
          ebering_ecumenical_altar_sacrificial, corner_web_ring
D:2:      minmay_wonky_spiral, layout_basic, kennysheep_generic_room_6
D:3:      layout_basic, uniq_ijyb, uniq_sigmund
D:4:      layout_rooms, tso_oasis_becter, vehumet_statue, grunt_ministairs_2,
          uniq_blork_the_orc

Skill      XL: |  1  2  3  4 |
---------------+-------------+-----
Axes           | 3 4 5 |  5.1
Fighting       | 4 |  4.3
Armour         | 4 |  4.4
Shields        | |  3.6

Action                   |  1- 3 |  4- 6 || total
-------------------------+-------+-------++-------
Melee: War axe           |    83 |    73 ||   156
       Headbutt          |     6 |     5 ||    11
Armor: Scale mail        |    15 |       ||    15
       Plate armour      |    28 |    37 ||    65
Dodge: Dodged            |    26 |    12 ||    38
Block: Kite shield       |    46 |    35 ||    81
